 Dungeon Sprint DCSS version 0.31-a0-667-g39726597b9 (webtiles) character file.

Game seed: 13034642885666618357

10400000 Revguard the Intangible (level 27, -9/228 HPs)
             Began as a Djinni Warper on Sept 4, 2023.
             Was the Champion of Makhleb.
             Killed from afar by an observer (16 damage)
             ... with a fireball
             ... in the Dungeon (Sprint VIII: "Arena of Blood").
             The game lasted 00:20:58 (104 turns).

Revguard the Intangible (Djinni Warper)              Turns: 104, Time: 00:20:59

Health: -9/228     AC:  6    Str: 10    XL:     27
Gold:   0          EV: 35    Int: 18    God:    Makhleb [******] SH:  0 Dex: 24

rFire   + + .        i - +∞ Axe of Woe
rCold   x . .        (shield currently unavailable)
rNeg    . . .        b - +0 leather armour
rPois   ∞            (no helmet)
rElec   .            (no cloak)
rCorr   .            (no gloves)
SInv    .            (boots unavailable)
Will    ++...        (no amulet)
Stlth   ++++++++++   (no ring)
HPRegen 0.58/turn    (no ring)
MPRegen 0.00/turn

%: no teleportation, infuse magic (-10 HP)
@: flying, slowed, very slow
A: sickness immunity, fire resistance 2, cold vulnerability 1, float, innate
caster, HP casting, extra vitality 1
a: Renounce Religion, Minor Destruction, Lesser Servant of Makhleb, Major
Destruction, Greater Servant of Makhleb


You were in the Dungeon.
You worshipped Makhleb.
Makhleb was exalted by your worship.
You visited 1 branch

Inventory:

Hand Weapons
 a - a +0 hand axe
 i - the +∞ Axe of Woe (weapon)
   (You found it in the Dungeon)
Missiles
 d - 7 darts of dispersal
Armour
 b - a +0 leather armour (worn)
Scrolls
 c - 2 scrolls of blinking
Potions
 e - a potion of curing
 f - a potion of heal wounds
 g - a potion of haste
 h - a potion of berserk rage


   Skills:
 O Level 27 Fighting
 O Level 27 Short Blades
 O Level 27 Long Blades
 O Level 27 Axes
 O Level 27 Maces & Flails
 O Level 27 Polearms
 O Level 27 Staves
 O Level 27 Ranged Weapons
 O Level 27 Throwing
 O Level 27 Armour
 O Level 27 Dodging
 O Level 27 Stealth
 O Level 27 Shields
 O Level 27 Unarmed Combat
 O Level 27 Spellcasting
 O Level 27 Conjurations
 O Level 27 Hexes
   Level 0.0 Charms
 O Level 27 Summonings
 O Level 27 Necromancy
 O Level 27 Translocations
 O Level 27 Transmutations
 O Level 27 Fire Magic
 O Level 27 Ice Magic
 O Level 27 Air Magic
 O Level 27 Earth Magic
 O Level 27 Poison Magic
 O Level 27 Invocations
 O Level 27 Evocations
 O Level 27 Shapeshifting


You knew the following spells:

 Your Spells              Type           Power      Damage    Failure   Level
a - Blink                 Tloc           100%       N/A       0%          2
b - Lesser Beckoning      Tloc           100%       N/A       0%          2
c - Teleport Other        Tloc           88%        N/A       0%          3
d - Manifold Assault      Tloc           88%        N/A       0%          4
e - Vhi's Electric Charg  Tloc/Air       100%       N/A       0%          4
f - Necrotise             Necr           100%       1d9       0%          1
g - Wereblood             Tmut           88%        N/A       0%          2
h - Inner Flame           Hex/Fire       88%        N/A       0%          3
i - Mephitic Cloud        Conj/Pois/Air  88%        N/A       0%          3
j - Yara's Violent Unrav  Hex/Tmut       44%        3d17      0%          5
k - Agony                 Necr           88%        N/A       0%          5
l - Simulacrum            Ice/Necr       44%        N/A       0%          6
m - Orb of Destruction    Conj           44%        9d12      1%          7
n - Haunt                 Necr/Summ      44%        N/A       1%          7
o - Ignition              Fire           44%        3d13      1%          8
p - Monstrous Menagerie   Summ           44%        N/A       1%          7
q - Borgnjor's Revivific  Necr           44%        N/A       1%          8
r - Dragon's Call         Summ           44%        N/A       2%          9
Your spell library was empty.

Dungeon Overview and Level Annotations

Branches:
Dungeon (1/1)

Altars:
Makhleb


Innate Abilities, Weirdness & Mutations

You are immune to sickness and miasma.
You are immune to poison.
Your flesh is very heat resistant. (rF++)
You are vulnerable to cold. (rC-)
You float through the air rather than walking.
You learn spells naturally, not from books.
Your magical power is your life essence.
You have superior vitality. (+4 MHP)


Message History

A bag of meat comes into view. It is wielding a +9 war axe.
The tyrant gestures wildly while chanting.
The meat beast bites you! The meat beast tramples you!
* * * LOW HITPOINT WARNING * * *
You hold your ground!
Something bites you!
* * * LOW HITPOINT WARNING * * *
You feel something staring at you. Something smites you!
* * * LOW HITPOINT WARNING * * *
You hear a shout!
An accursed comes into view.
The bag of meat shouts!
You dice the meat berserker like an onion!!!
You dissect the meat berserker like a pig carcass.
You kill the meat berserker!
Makhleb accepts your kill.
You feel better.
You slice the meat beast!!
You butcher the meat beast messily.
You kill the meat beast!
Makhleb accepts your kill.
You feel better.
You slash something!
You butcher something messily.
Makhleb accepts your kill.
You feel better.
Reactivating autopickup.
You feel a bit more experienced.
The tyrant waves its bony arms in wide circles.
The air twists around and strikes you!!!
* * * LOW HITPOINT WARNING * * *
An accursed comes into view.
A tyrant comes into view.
The tyrant waves its bony arms in wide circles.
The air twists around and strikes you!!
* * * LOW HITPOINT WARNING * * *
You feel something staring at you. Something smites you!
* * * LOW HITPOINT WARNING * * *
You feel something staring at you.
A fireball appears from out of thin air!
The fireball explodes!
Deactivating autopickup; reactivate with Ctrl-A.
The fireball engulfs you! You resist.
You die...

....#.....#)))))))# ..)....
.#.....)###)L)))))###.......
......).))L###)))))....X..
.....#...).))X_))M))........
...#....O.{#X))))#)))L...#.#
#..........#_.<)_#☼)○°X.X...
.#......§#..)..#){§)☼.#.#.
...#..{.).)._..{{)..○.....
.........@.###)..)..O..#.#
..)...###)....).###.......
...... #o)...).# .......
...... #.....L.# ...O...
.O.. .O§...... M......
.O.......L. #...# M§X.)..†.
§§°......o#


You could see 2 accurseds, 4 tyrants, 2 large bags of meat, 3 large
abominations, a meat berserker (berserk) and 2 bags of meat.

Vanquished Creatures
  Sigmund (D)
  14 hell beasts (D)
  7 royal mummies (D)
  2 great orbs of eyes (D)
  10 wraiths (D)
  Harold (D)
  23 vampire knights (D)
  57 ogres (D)
  15 two-headed ogres (D)
  10 liches (D)
  7 hydras (D)
  3 phantoms (D)
  144 orcs (D)
  15 skeletal warriors (D)
  A sea snake (D)
310 creatures vanquished.

Vanquished Creatures (others)
  An orc (D)
1 creature vanquished.

Grand Total: 311 creatures vanquished

Notes
Turn   | Place    | Note
-------+----------+-------------------------------------------
     0 | D        | Found the +∞ Axe of Woe
     0 | D        | Revguard the Djinni Warper began the quest for the Orb.
     0 | D        | Revguard set off with the following spells memorised:
                  | Blink, Lesser Beckoning, Teleport Other, Manifold Assault,
                  | Vhi's Electric Charge.
     0 | D        | Reached XP level 1. HP: 18/18 MP: 0/0
     3 | D        | Became a worshipper of Makhleb the Destroyer
     3 | D        | Noticed a bag of meat
     6 | D        | Killed a bag of meat
     6 | D        | Noticed a meat berserker
     7 | D        | Reached skill level 10 in Spellcasting
     7 | D        | Reached skill level 10 in Conjurations
     7 | D        | Reached skill level 10 in Hexes
     7 | D        | Reached skill level 10 in Summonings
     7 | D        | Reached skill level 10 in Necromancy
     7 | D        | Reached skill level 10 in Translocations
     7 | D        | Reached skill level 10 in Transmutations
     7 | D        | Reached skill level 10 in Fire Magic
     7 | D        | Reached skill level 10 in Ice Magic
     7 | D        | Reached skill level 10 in Air Magic
     7 | D        | Reached skill level 10 in Earth Magic
     7 | D        | Reached skill level 10 in Poison Magic
     7 | D        | Reached XP level 2. HP: 37/37 MP: 0/0
     7 | D        | Reached XP level 3. HP: 42/42 MP: 0/0
     7 | D        | Learned a level 1 spell: Necrotise
     7 | D        | Reached XP level 4. HP: 49/49 MP: 0/0
     7 | D        | Reached XP level 5. HP: 54/54 MP: 0/0
     7 | D        | Learned a level 2 spell: Wereblood
     7 | D        | Reached XP level 6. HP: 59/59 MP: 0/0
     7 | D        | Reached XP level 7. HP: 65/65 MP: 0/0
     7 | D        | Learned a level 3 spell: Inner Flame
     7 | D        | Reached XP level 8. HP: 71/71 MP: 0/0
     7 | D        | Reached XP level 9. HP: 76/76 MP: 0/0
     7 | D        | Learned a level 3 spell: Mephitic Cloud
     7 | D        | Reached XP level 10. HP: 83/83 MP: 0/0
     7 | D        | Reached XP level 11. HP: 87/87 MP: 0/0
     7 | D        | Learned a level 5 spell: Yara's Violent Unravelling
     8 | D        | Noticed a meat berserker
     9 | D        | Killed a meat berserker
     9 | D        | Reached * piety under Makhleb
     9 | D        | Noticed a bag of meat
     9 | D        | Noticed a meat berserker
    10 | D        | Reached skill level 15 in Dodging
    10 | D        | Reached XP level 12. HP: 97/101 MP: 0/0
    10 | D        | Reached XP level 13. HP: 102/106 MP: 0/0
    10 | D        | Learned a level 5 spell: Agony
    10 | D        | Killed a bag of meat
    10 | D        | Killed a meat berserker
    10 | D        | Killed a meat berserker
    10 | D        | Reached ** piety under Makhleb
    10 | D        | Noticed a meat berserker
    10 | D        | Noticed a bag of meat
    11 | D        | Reached skill level 10 in Invocations
    11 | D        | Reached XP level 14. HP: 119/119 MP: 0/0
    11 | D        | Reached XP level 15. HP: 124/124 MP: 0/0
    11 | D        | Learned a level 6 spell: Simulacrum
    14 | D        | Reached *** piety under Makhleb
    14 | D        | Noticed a meat berserker
    15 | D        | Reached skill level 15 in Axes
    15 | D        | Killed a meat berserker
    15 | D        | Reached **** piety under Makhleb
    15 | D        | Noticed a meat berserker
    15 | D        | Noticed a meat berserker
    16 | D        | Reached XP level 16. HP: 137/137 MP: 0/0
    16 | D        | Killed a meat berserker
    17 | D        | Reached XP level 17. HP: 106/146 MP: 0/0
    17 | D        | Learned a level 7 spell: Orb of Destruction
    17 | D        | Killed a meat berserker
    17 | D        | Reached ***** piety under Makhleb
    18 | D        | Killed a meat berserker
    18 | D        | Noticed a meat berserker
    18 | D        | Noticed a meat berserker
    19 | D        | Reached XP level 18. HP: 158/158 MP: 0/0
    19 | D        | Noticed a meat berserker
    19 | D        | Noticed a meat berserker
    20 | D        | Noticed a destroyer
    20 | D        | Killed a meat berserker
    20 | D        | Reached ****** piety under Makhleb
    21 | D        | Reached XP level 19. HP: 167/167 MP: 0/0
    21 | D        | Learned a level 7 spell: Haunt
    21 | D        | Noticed a destroyer
    21 | D        | Noticed a meat berserker
    22 | D        | Noticed a meat berserker
    22 | D        | Noticed a meat berserker
    22 | D        | Noticed a destroyer
    22 | D        | Killed a meat berserker
    23 | D        | Reached skill level 27 in Dodging
    23 | D        | Reached XP level 20. HP: 168/178 MP: 0/0
    23 | D        | Noticed a meat berserker
    23 | D        | Noticed a large bag of meat
    23 | D        | Killed a destroyer
    23 | D        | Noticed a large bag of meat
    23 | D        | Noticed a meat berserker
    24 | D        | Reached skill level 27 in Fighting
    24 | D        | Reached skill level 27 in Armour
    24 | D        | Reached skill level 27 in Spellcasting
    24 | D        | Reached skill level 27 in Conjurations
    24 | D        | Reached skill level 27 in Hexes
    24 | D        | Reached skill level 27 in Summonings
    24 | D        | Reached skill level 27 in Necromancy
    24 | D        | Reached skill level 27 in Translocations
    24 | D        | Reached skill level 27 in Transmutations
    24 | D        | Reached skill level 27 in Fire Magic
    24 | D        | Reached skill level 27 in Ice Magic
    24 | D        | Reached skill level 27 in Air Magic
    24 | D        | Reached skill level 27 in Earth Magic
    24 | D        | Reached skill level 27 in Poison Magic
    24 | D        | Noticed a destroyer
    24 | D        | Noticed a meat berserker
    24 | D        | Killed a destroyer
    24 | D        | Killed a meat berserker
    24 | D        | Noticed a meat berserker
    25 | D        | Reached skill level 27 in Axes
    25 | D        | Reached skill level 27 in Invocations
    25 | D        | Reached skill level 5 in Short Blades
    25 | D        | Reached skill level 5 in Long Blades
    25 | D        | Reached skill level 5 in Staves
    25 | D        | Reached skill level 5 in Throwing
    25 | D        | Reached skill level 5 in Stealth
    25 | D        | Reached skill level 5 in Shields
    25 | D        | Reached skill level 5 in Unarmed Combat
    25 | D        | Reached skill level 5 in Evocations
    25 | D        | Reached XP level 21. HP: 139/187 MP: 0/0
    25 | D        | Learned a level 8 spell: Ignition
    25 | D        | Noticed a meat berserker
    25 | D        | Noticed a meat berserker
    26 | D        | Killed a destroyer
    26 | D        | Killed a meat berserker
    26 | D        | Noticed a destroyer
    26 | D        | Noticed a large bag of meat
    26 | D        | Noticed a large bag of meat
    27 | D        | Reached skill level 10 in Short Blades
    27 | D        | Reached skill level 10 in Long Blades
    27 | D        | Reached skill level 10 in Staves
    27 | D        | Reached skill level 10 in Stealth
    27 | D        | Reached XP level 22. HP: 194/194 MP: 0/0
    27 | D        | Killed a meat berserker
    27 | D        | Killed a meat berserker
    27 | D        | Killed a large bag of meat
    27 | D        | Noticed a destroyer
    28 | D        | Reached XP level 23. HP: 183/201 MP: 0/0
    28 | D        | Learned a level 7 spell: Monstrous Menagerie
    29 | D        | Reached skill level 15 in Shields
    29 | D        | Reached skill level 15 in Unarmed Combat
    29 | D        | Reached skill level 15 in Evocations
    30 | D        | Reached skill level 15 in Short Blades
    30 | D        | Reached skill level 15 in Long Blades
    30 | D        | Reached skill level 15 in Staves
    30 | D        | Reached skill level 15 in Stealth
    30 | D        | Reached XP level 24. HP: 208/208 MP: 0/0
    30 | D        | Noticed a large bag of meat
    31 | D        | Noticed a large bag of meat
    33 | D        | Reached skill level 15 in Maces & Flails
    33 | D        | Reached skill level 15 in Polearms
    33 | D        | Reached skill level 15 in Ranged Weapons
    33 | D        | Reached skill level 15 in Throwing
    33 | D        | Reached skill level 15 in Shapeshifting
    33 | D        | Killed a destroyer
    33 | D        | Noticed a destroyer
    34 | D        | Reached XP level 25. HP: 214/214 MP: 0/0
    34 | D        | Learned a level 8 spell: Borgnjor's Revivification
    34 | D        | Noticed a destroyer
    36 | D        | Reached XP level 26. HP: 178/221 MP: 0/0
    36 | D        | Killed a large bag of meat
    37 | D        | Killed a destroyer
    37 | D        | Killed a destroyer
    38 | D        | Reached XP level 27. HP: 228/228 MP: 0/0
    38 | D        | Learned a level 9 spell: Dragon's Call
    38 | D        | Killed a large bag of meat
    38 | D        | Noticed a destroyer
    39 | D        | Noticed a destroyer
    40 | D        | Killed a large bag of meat
    40 | D        | Killed a destroyer
    40 | D        | Killed a destroyer
    41 | D        | Reached skill level 27 in Shields
    41 | D        | Reached skill level 27 in Unarmed Combat
    41 | D        | Reached skill level 27 in Evocations
    41 | D        | Killed a destroyer
    41 | D        | Noticed a destroyer
    44 | D        | Reached skill level 27 in Short Blades
    44 | D        | Reached skill level 27 in Long Blades
    44 | D        | Reached skill level 27 in Staves
    44 | D        | Reached skill level 27 in Stealth
    44 | D        | Noticed a destroyer
    44 | D        | Noticed a destroyer
    45 | D        | Killed a destroyer
    45 | D        | Noticed a tyrant
    45 | D        | Noticed a tyrant
    45 | D        | Noticed a destroyer
    46 | D        | Reached skill level 27 in Maces & Flails
    46 | D        | Reached skill level 27 in Polearms
    46 | D        | Reached skill level 27 in Ranged Weapons
    46 | D        | Reached skill level 27 in Throwing
    46 | D        | Reached skill level 27 in Shapeshifting
    46 | D        | Noticed a large bag of meat
    46 | D        | Killed a destroyer
    47 | D        | Noticed an accursed
    47 | D        | Killed a destroyer
    48 | D        | Noticed a large bag of meat
    49 | D        | Noticed a destroyer
    49 | D        | Noticed a destroyer
    49 | D        | Noticed a tyrant
    49 | D        | Noticed a large bag of meat
    49 | D        | Noticed a destroyer
    50 | D        | Killed an accursed
    50 | D        | Killed a destroyer
    51 | D        | Killed a large bag of meat
    52 | D        | Killed a tyrant
    52 | D        | Killed a destroyer
    52 | D        | Noticed a destroyer
    52 | D        | Noticed a tyrant
    53 | D        | Noticed The Servant
    53 | D        | Killed a destroyer
    54 | D        | Noticed an accursed
    55 | D        | Killed a tyrant
    57 | D        | Killed a destroyer
    57 | D        | Killed an accursed
    57 | D        | Noticed a large bag of meat
    59 | D        | Noticed a large bag of meat
    59 | D        | Noticed a destroyer
    59 | D        | Noticed an accursed
    59 | D        | Killed a destroyer
    59 | D        | Killed a destroyer
    59 | D        | Noticed a tyrant
    59 | D        | Noticed a dread
    60 | D        | Noticed The Captor
    60 | D        | Noticed a tyrant
    60 | D        | Killed a large bag of meat
    60 | D        | Killed a tyrant
    61 | D        | Noticed a destroyer
    61 | D        | Noticed a destroyer
    61 | D        | Killed The Captor
    62 | D        | Noticed a meat beast
    62 | D        | Noticed a destroyer
    62 | D        | Killed a large bag of meat
    62 | D        | Noticed an accursed
    63 | D        | Noticed a meat beast
    64 | D        | Killed a large bag of meat
    65 | D        | Noticed a meat beast
    65 | D        | Noticed a large bag of meat
    65 | D        | Noticed a large bag of meat
    65 | D        | Killed a tyrant
    65 | D        | Killed The Servant
    65 | D        | Noticed a dread
    66 | D        | Killed a meat beast
    67 | D        | Killed an accursed
    67 | D        | Killed a dread
    67 | D        | Killed a meat beast
    68 | D        | Noticed a large bag of meat
    68 | D        | Killed a destroyer
    68 | D        | Killed a destroyer
    68 | D        | Killed a dread
    68 | D        | Noticed a meat beast
    68 | D        | Noticed a tyrant
    68 | D        | Noticed a dread
    68 | D        | Noticed an accursed
    69 | D        | Noticed a large bag of meat
    69 | D        | Killed a tyrant
    69 | D        | Killed an accursed
    69 | D        | Killed a destroyer
    70 | D        | Killed a tyrant
    70 | D        | Killed a large bag of meat
    71 | D        | Noticed a tyrant
    71 | D        | Killed a large bag of meat
    71 | D        | Killed a large bag of meat
    71 | D        | Killed a destroyer
    71 | D        | Noticed a destroyer
    72 | D        | Killed a meat beast
    73 | D        | Killed a meat beast
    74 | D        | Killed a large bag of meat
    76 | D        | Noticed a meat beast
    76 | D        | Noticed a meat beast
    77 | D        | Killed a tyrant
    77 | D        | Killed a dread
    77 | D        | Killed a large bag of meat
    79 | D        | Killed a meat beast
    79 | D        | Killed a meat beast
    80 | D        | Noticed a meat beast
    80 | D        | Noticed a dread
    80 | D        | Noticed a dread
    80 | D        | Noticed a meat beast
    81 | D        | Noticed a meat beast
    81 | D        | Killed a large bag of meat
    81 | D        | Killed a destroyer
    82 | D        | Noticed a meat beast
    83 | D        | Killed an accursed
    83 | D        | Killed a meat beast
    83 | D        | Killed a large bag of meat
    84 | D        | Killed a meat beast
    84 | D        | Killed a tyrant
    84 | D        | Noticed a dread
    85 | D        | Killed a meat beast
    86 | D        | Noticed a dread
    86 | D        | Killed a meat beast
    87 | D        | Killed a dread
    88 | D        | Noticed a meat beast
    88 | D        | Killed a dread
    89 | D        | Killed a meat beast
    89 | D        | Noticed a tyrant
    90 | D        | Noticed a meat beast
    90 | D        | Noticed a tyrant
    91 | D        | Noticed a large bag of meat
    91 | D        | Killed a meat beast
    93 | D        | Killed a dread
    94 | D        | Noticed a dread
    95 | D        | Killed a dread
    96 | D        | Noticed a meat beast
    97 | D        | Noticed an accursed
    97 | D        | Killed a dread
    97 | D        | Noticed a dread
    98 | D        | Killed a tyrant
    98 | D        | Killed a meat beast
    99 | D        | Noticed a tyrant
    99 | D        | Noticed a dread
    99 | D        | Noticed an accursed
    99 | D        | Noticed a tyrant
    99 | D        | Killed an accursed
   100 | D        | Killed an accursed
   100 | D        | Noticed a meat beast
   100 | D        | Noticed a large bag of meat
   101 | D        | Killed a dread
   101 | D        | Killed a tyrant
   101 | D        | Noticed a tyrant
   102 | D        | Killed a dread
   103 | D        | Noticed a tyrant
   104 | D        | Noticed an accursed
   104 | D        | Killed a meat beast
   104 | D        | Noticed an accursed
   104 | D        | Noticed a tyrant
   104 | D        | HP: 7/228 [something (13)]
   104 | D        | Killed from afar by an observer

Illustrated notes

Levels and vault maps discovered:
D:        meatsprint

Skill      XL: |  1  2  3  4  5  6  7  8  9 10 11 12 13 14 15 16 17 18 19 20 21 22 23 24 25 26 27 |
---------------+----------------------------------------------------------------------------------+-----
Fighting       | 11 14 17 20 21 23 24 26 27 | 27.0
Axes           | 9 12 14 17 18 20 21 22 27 | 27.0
Armour         | 11 14 17 20 21 23 24 26 27 | 27.0
Dodging        | 12 15 18 21 23 25 26 27 | 27.0
Spellcasting   | 10 13 16 19 20 22 24 25 27 | 27.0
Conjurations   | 10 13 16 19 20 22 24 25 27 | 27.0
Hexes          | 10 13 16 19 20 22 24 25 27 | 27.0
Summonings     | 10 13 16 19 20 22 24 25 27 | 27.0
Necromancy     | 10 13 16 19 20 22 24 25 27 | 27.0
Translocations | 10 13 16 19 20 22 24 25 27 | 27.0
Transmutations | 10 13 16 19 20 22 24 25 27 | 27.0
Fire Magic     | 10 13 16 19 20 22 24 25 27 | 27.0
Ice Magic      | 10 13 16 19 20 22 24 25 27 | 27.0
Air Magic      | 10 13 16 19 20 22 24 25 27 | 27.0
Earth Magic    | 10 13 16 19 20 22 24 25 27 | 27.0
Poison Magic   | 10 13 16 19 20 22 24 25 27 | 27.0
Invocations    | 10 14 16 19 21 22 27 | 27.0
Short Blades   | 5 10 13 15 18 20 22 27 | 27.0
Long Blades    | 5 10 13 15 18 20 22 27 | 27.0
Maces & Flails | 4 9 12 14 17 18 21 27 | 27.0
Polearms       | 4 9 12 14 17 18 21 27 | 27.0
Staves         | 5 10 13 15 18 20 22 27 | 27.0
Ranged Weapons | 4 9 12 14 17 18 21 27 | 27.0
Throwing       | 5 9 12 14 17 18 21 27 | 27.0
Stealth        | 5 10 13 15 18 20 22 27 | 27.0
Shields        | 5 11 14 16 20 22 24 27 | 27.0
Unarmed Combat | 5 11 14 16 20 22 24 27 | 27.0
Evocations     | 5 11 14 16 20 22 24 27 | 27.0
Shapeshifting  | 4 9 12 14 17 18 21 27 | 27.0

Action                     |  1- 3 |  4- 6 |  7- 9 | 10-12 | 13-15 | 16-18 | 19-21 | 22-24 | 25-27 || total
---------------------------+-------+-------+-------+-------+-------+-------+-------+-------+-------++-------
  Melee: Executioner's axe |     1 |       |       |     1 |     9 |    12 |     5 |     6 |    81 ||   115
   Cast: Vhi's Electric Ch |       |       |       |     1 |       |     1 |     4 |     2 |    47 ||    55
         Manifold Assault  |       |       |       |       |     3 |     3 |       |       |     4 ||    10
         Simulacrum        |       |       |       |       |     1 |       |       |       |       ||     1
         Ignition          |       |       |       |       |       |       |       |     1 |       ||     1
         Dragon's Call     |       |       |       |       |       |       |       |       |     1 ||     1
   Stab: Distracted        |       |       |       |       |       |       |       |       |     1 ||     1
 Armour: Leather armour    |       |       |       |       |       |     1 |     2 |     6 |    63 ||    72
  Dodge: Dodged            |       |       |       |       |       |       |     1 |       |    14 ||    15

Table legend: (Time is in decaauts)
 A = Elapsed time spent in this place.
 B = Non-inter-level travel time spent in this place.
 C = Inter-level travel time spent in this place.
 D = Time resting spent in this place.
 E = Time spent auto-exploring this place.
 F = Levels seen in this place.
 G = Mean time per level.
                   A        B        C        D        E       F      G
               +--------+--------+--------+--------+--------+-----+--------+
         Total |     98 |     98 |      0 |      0 |      0 |   1 |   98.0 |
       Dungeon |     98 |     98 |      0 |      0 |      0 |   1 |   98.0 |
               +--------+--------+--------+--------+--------+-----+--------+

Top non-repeatable levels by time:
       D: 98 daAuts
